 Dungeon Crawl Stone Soup version 0.18.1-8-gdd0e5ea (webtiles) character file.

190 Gargoyl the Skirmisher (level 5, -1/42 HPs)
             Began as a Demonspawn Abyssal Knight on May 26, 2016.
             Was a Believer of Lugonu.
             Slain by Grinder (3 damage)
             ... on level 3 of the Dungeon.
             The game lasted 00:05:52 (2757 turns).

Gargoyl the Skirmisher (Demonspawn Abyssal Knight)  Turns: 2757, Time: 00:05:53

Health: -1/42      AC: 10    Str:  8 (11) XL:     5   Next: 41%
Magic:  7/7        EV:  8    Int: 18 (19) God:    Lugonu [**....]
Gold:   113        SH:  4    Dex: 11 (12) Spells: 0 memorised, 4 levels left

rFire  + . .     SeeInvis .     a - +1 hand axe
rCold  . . .     Gourm    .     f - +0 scale mail
rNeg   . . .     Faith    .     e - +1 buckler
rPois  .         Spirit   .     (no helmet)
rElec  .         Dismiss  .     (no cloak)
rCorr  .         Reflect  .     (no gloves)
SustAt .         Harm     .     (no boots)
MR     .....                    (no amulet)
Stlth  ..........               s - -2 ring of strength (curse)
                                k - ring of protection from fire

@: brilliant, not resistant to hostile enchantments, extremely unstealthy
A: iridescent scales 1, rot immunity
a: Depart the Abyss, Bend Space, Renounce Religion


You were on level 3 of the Dungeon.
You worshipped Lugonu.
Lugonu was pleased with you.
You were not hungry.

You visited 1 branch of the dungeon, and saw 3 of its levels.
You visited the Abyss 1 time.

You collected 113 gold pieces.

Inventory:

Hand Weapons
 a - a +1 hand axe (weapon)
 o - a +2 flail of protection
Missiles
 q - 7 javelins (quivered)
Armour
 e - a +1 buckler (worn)
 f - a +0 scale mail (worn)
Jewellery
 k - a ring of protection from fire (left hand)
 s - a cursed -2 ring of strength (right hand)
Wands
 i - a wand of slowing (27/48)
Scrolls
 b - a scroll of enchant weapon {unknown}
 d - a scroll of teleportation
Potions
 m - a potion of brilliance
 p - a potion of cure mutation
 r - a potion of haste {unknown}
Books
 g - a book of the Sky

   Spells                             Type                      Level
   a - Summon Lightning Spire         Summoning/Air                4
   b - Airstrike                      Air                          4
   c - Silence                        Hexes/Air                    5
   d - Deflect Missiles               Charms/Air                   6
   e - Conjure Ball Lightning         Conjuration/Air              6
   f - Tornado                        Air                          9
Comestibles
 c - 2 bread rations
 l - a chunk of flesh


   Skills:
 + Level 3.9 Fighting
 + Level 2.3 Axes
 * Level 2.7 Armour
 + Level 3.0 Dodging
 + Level 0.5 Shields
 + Level 2.7 Invocations


You had 4 spell levels left.
You didn't know any spells.

Dungeon Overview and Level Annotations

Branches:
Dungeon (3/15)

Altars:

Annotations:
D:3 Grinder


Innate Abilities, Weirdness & Mutations

You are partially covered in iridescent scales (AC +4).
You are immune to rotting.


Message History

You block Grinder's attack. Grinder misses you.
Drink which item? (? for menu, Esc to quit)
It was a potion of brilliance.
You feel clever all of a sudden. Grinder gestures at you.
Pain shoots through your body!
* * * LOW HITPOINT WARNING * * *
Drink which item? (? for menu, Esc to quit)
You feel better. You block Grinder's attack.
Drink which item? (? for menu, Esc to quit)
It was a potion of cure mutation.
It has a very clean taste.
Grinder hits you!
* * * LOW HITPOINT WARNING * * *
You writhe in agony.
* * * LOW HITPOINT WARNING * * *
Drink which item? (? for menu, Esc to quit)
It was a potion of degeneration.
There was something very wrong with that liquid.
You feel weakened.
You feel dopey.
You feel clumsy. Grinder hits you.
You die...

. .# #. .# .#.##
#.# ....
##...##<.# ##..
..#..#
#..###....######
#.@.#..........#
#5#............#
...##.#.........#
#.##
#.#.........## #.
#.....<....... #
###.........##
#.........#
#...........
...........##


You could see Grinder.

Vanquished Creatures
  Ijyb (D:2)
  Natasha (D:3)
  4 gnolls
  4 adders (D:2)
  2 oozes (D:1)
  2 worms
  A giant gecko (D:2)
  4 giant cockroaches
  8 hobgoblins
  A quokka (D:2)
  A ball python (D:2)
  4 bats
  9 goblins
  6 kobolds
  9 rats
57 creatures vanquished.

Notes
Turn   | Place    | Note
--------------------------------------------------------------
     0 | Abyss:1  | Gargoyl the Demonspawn Abyssal Knight began the quest for the Orb.
     0 | Abyss:1  | Reached XP level 1. HP: 18/18 MP: 2/2
    14 | Abyss:2  | Found a corrupted altar of Lugonu.
    50 | Abyss:2  | Noticed an iron imp
   115 | Abyss:2  | Noticed a large abomination
   131 | Abyss:2  | Noticed a bone dragon
   148 | Abyss:2  | Noticed a worldbinder
   150 | Abyss:2  | Noticed a spatial vortex
   150 | Abyss:2  | Noticed a starcursed mass
   151 | D:1      | Escaped the Abyss
   206 | D:1      | Reached * piety under Lugonu
   206 | D:1      | Reached skill level 1 in Dodging
   482 | D:1      | Gained mutation: You are partially covered in iridescent scales (AC +4). [demonic ancestry]
   482 | D:1      | Reached XP level 2. HP: 21/24 MP: 3/3
   883 | D:1      | Gained mutation: You are immune to rotting. [demonic ancestry]
   883 | D:1      | Reached XP level 3. HP: 25/29 MP: 4/4
  1524 | D:2      | Reached XP level 4. HP: 36/36 MP: 6/6
  1767 | D:2      | Reached ** piety under Lugonu
  2526 | D:3      | Noticed Natasha
  2526 | D:3      | Noticed Ijyb
  2536 | D:2      | Reached XP level 5. HP: 38/42 MP: 7/7
  2548 | D:2      | Killed Ijyb
  2613 | D:3      | Killed Natasha
  2744 | D:3      | Noticed Grinder
  2747 | D:3      | Paralysed by Grinder for 4 turns
  2756 | D:3      | HP: 1/42 [Grinder (4)]
  2757 | D:3      | Slain by Grinder

Skill      XL: |  1  2  3  4  5 |
---------------+----------------+-----
Dodging        | 1 2 3 |  3.0
Armour         | 2 |  2.7
Axes           | 2 |  2.3
Fighting       | |  3.9
Shields        | |  0.5
Invocations    | |  2.7

Action                   |  1- 3 |  4- 6 || total
-------------------------+-------+-------++-------
Melee: Hand axe          |    90 |    91 ||   181
Invok: Depart the Abyss  |     1 |       ||     1
  Use: Potion            |     1 |     4 ||     5
       Scroll            |       |     8 ||     8
  Eat: Chunk             |     2 |     4 ||     6
Armor: Leather armour    |    53 |    11 ||    64
       Scale mail        |       |    29 ||    29
Dodge: Dodged            |    73 |    35 ||   108
Block: Buckler           |    14 |    25 ||    39
